 Dungeon Crawl Stone Soup version 0.30-a0-779-g7971cf19c3 (webtiles) character file.

Game seed: 8478036966825591384

13489 mopl the Covert (level 12, -6/54 HPs)
             Began as a Vine Stalker Brigand on Feb 17, 2023.
             Was an Elder of Nemelex Xobeh.
             Mangled by a komodo dragon (16 damage)
             ... on level 1 of the Lair of Beasts.
             The game lasted 00:16:45 (8655 turns).

mopl the Covert (Vine Stalker Brigand)              Turns: 8655, Time: 00:16:46

Health: -6/54      AC: 10    Str: 14    XL:     12   Next: 6%
Magic:  0/18       EV: 15    Int: 11    God:    Nemelex Xobeh [****..]
Gold:   658        SH: 12    Dex: 21    Spells: 11/11 levels left

rFire   . . .      SeeInvis .    a - +2 dagger (venom)
rCold   . . .      Faith    .    h - +0 kite shield
rNeg    . . .      Spirit   +    C - +0 steam dragon scales
rPois   .          Reflect  .    Q - +0 helmet
rElec   .          Harm     .    c - +0 cloak
rCorr   .          Rampage  .    O - +2 pair of gloves
Will    +....                    (no boots)
Stlth   +++++                    v - amulet of the acrobat
HPRegen 1.09/turn                f - +4 ring of slaying
MPRegen 0.16/turn                z - +5 ring of evasion

@: no status effects
A: fangs 3, regeneration 1, magic shield, antimagic bite, no potion heal 2
a: Renounce Religion, Draw Escape, Draw Destruction, Draw Summoning, Triple
Draw, Deal Four


You were on level 1 of the Lair of Beasts.
You worshipped Nemelex Xobeh.
Nemelex Xobeh was greatly pleased with you.
You visited 3 branches of the dungeon, and saw 13 of its levels.

You collected 658 gold pieces.

Inventory:

Hand Weapons
 a - a +2 dagger of venom (weapon)
 L - the +4 spear "Osimik" {holy, +Blink Str+6 Dex-4 Stlth-}
   (You found it on level 6 of the Dungeon)

   Str:       It affects your strength (+6).
   Dex:       It affects your dexterity (-4).
   +Blink:    It lets you blink.
   Stlth:     It makes you less stealthy.
 T - the +8 trident "Imp's Curse" {holy, rPois rC++ Will+ Int-4}
   (You found it on level 10 of the Dungeon)

   Int:       It affects your intelligence (-4).
   rC:        It greatly protects you from cold.
   rPois:     It protects you from poison.
   Will:      It increases your willpower.
Missiles
 d - 29 poisoned darts (quivered)
 o - 6 throwing nets
 t - 4 curare-tipped darts
 w - 4 boomerangs
 V - 5 javelins
Armour
 c - a +0 cloak (worn)
 h - a +0 kite shield (worn)
 C - +0 steam dragon scales (worn)
 G - +0 swamp dragon scales
 O - a +2 pair of gloves (worn)
 Q - a +0 helmet (worn)
Jewellery
 f - a +4 ring of slaying (left hand)
 r - a ring of protection from cold
 u - a ring of poison resistance
 v - an amulet of the acrobat (around neck)
 z - a +5 ring of evasion (right hand)
 N - a ring of positive energy
 S - a ring of resist corrosion
Wands
 e - a wand of light (4)
 g - a wand of roots (4)
 E - a wand of charming (11)
 F - a wand of flame (27)
Scrolls
 k - 9 scrolls of teleportation {unknown}
 p - a scroll of fog
 q - 3 scrolls of noise {unknown}
 s - 2 scrolls of immolation
 x - a scroll of magic mapping
 y - 4 scrolls of fear
 W - a scroll of enchant armour {unknown}
Potions
 j - 11 potions of curing {unknown}
 l - 2 potions of brilliance
 m - 3 potions of invisibility
 n - 2 potions of ambrosia
 A - a potion of lignification {!q}
 H - 2 potions of flight
 P - a potion of haste
 U - a potion of might


   Skills:
 - Level 1.7 Fighting
 + Level 7.6 Short Blades
 + Level 7.6 Throwing
 - Level 0.7 Dodging
 + Level 11.5 Stealth
 + Level 7.2 Shields
 + Level 7.3 Invocations
 + Level 6.8 Evocations


You had 11 spell levels left.
You didn't know any spells.
Your spell library contained the following spells:

 Spells                   Type           Power      Damage    Failure   Level
 Foxfire                  Conj/Fire      0%         2x1d4     65%         1
 Freeze                   Ice            0%         1d3       65%         1
 Slow                     Hex            0%         N/A       65%         1
 Summon Small Mammal      Summ           0%         N/A       65%         1
 Call Canine Familiar     Summ           0%         N/A       95%         3
 Confusing Touch          Hex            0%         N/A       95%         3
 Dazzling Flash           Conj/Hex       0%         N/A       95%         3
 Frozen Ramparts          Ice            0%         1d1       95%         3
 Gell's Gravitas          Tloc           0%         N/A       95%         3
 Hailstorm                Conj/Ice       0%         3d3       95%         3
 Summon Guardian Golem    Hex/Summ       0%         N/A       95%         3
 Teleport Other           Tloc           0%         N/A       95%         3
 Vampiric Draining        Necr           0%         2d6       95%         3
 Iskenderun's Mystic Bla  Conj/Tloc      0%         2d3       100%        4
 Fireball                 Conj/Fire      0%         3d3       100%        5
 Dispersal                Tloc           0%         N/A       100%        6
 Starburst                Conj/Fire      0%         6d3       100%        6
 Borgnjor's Revivificati  Necr           0%         N/A       100%        8
 Necromutation            Tmut/Necr      0%         N/A       100%        8
 Death's Door             Necr           0%         N/A       100%        9


Dungeon Overview and Level Annotations

Branches:
Dungeon (11/15)            Temple (1/1) D:4            Lair (1/5) D:11
    Orc (0/2) D:10

Altars:
Ashenzari
Cheibriados
Dithmenos
Elyvilon
Fedhas
Gozag
Hepliaklqana
Kikubaaqudgha
Makhleb
Nemelex Xobeh
Okawaru
Qazlal
Ru
Sif Muna
Trog
Uskayaw
Vehumet
Wu Jian
Xom
Yredelemnul
Zin
The Shining One

Annotations:
D:9 1 runed translucent door, soark's ghost, novice HOFi


Innate Abilities, Weirdness & Mutations

You have razor-sharp teeth.
Your natural rate of healing is unusually fast.
When hurt, damage is shared between your health and your magic reserves.
Your bite disrupts and absorbs the magic of your enemies.
Potions cannot restore your health.


Message History

You bite the komodo dragon, but do no damage.
The komodo dragon bites you!
You hit the komodo dragon.
The komodo dragon is poisoned.
The komodo dragon is lightly wounded.
The komodo dragon bites you!!
You are too injured to fight recklessly!
You are too injured to fight recklessly!
You are too injured to fight recklessly!
You are too injured to fight recklessly!
You are too injured to fight recklessly!
You are too injured to fight recklessly!
You are too injured to fight recklessly!
You are too injured to fight recklessly!
You are too injured to fight recklessly!
You are too injured to fight recklessly!
You are too injured to fight recklessly!
You are too injured to fight recklessly!
You are too injured to fight recklessly!
You are too injured to fight recklessly!
You are too injured to fight recklessly!
You are too injured to fight recklessly!
You hit the komodo dragon.
The komodo dragon is lightly wounded.
The komodo dragon barely misses you.
You hit the komodo dragon.
The komodo dragon looks as sick as possible!
You bite the komodo dragon. You drain its power.
You feel invigorated.
The komodo dragon is lightly wounded.
The blink frog blinks!
You hit the komodo dragon.
The komodo dragon looks as sick as possible!
You bite the komodo dragon. You drain its power.
You feel invigorated.
The komodo dragon is moderately wounded.
The komodo dragon bites you!!
* * * LOW HITPOINT WARNING * * *
You closely miss the komodo dragon. Your bite misses the komodo dragon.
The komodo dragon is moderately wounded.
The komodo dragon bites you!!
You die...
Your body glows with a rainbow of weird colours and disappears.

#............#
#.#######.#.#
#...........######..#
###.##
#..................##
#...
#...........######..#
# #..# #............#
#.###.##.##.##
#...........##
##............#
#........F..#
#..#########.##
#####.#####.######.#
#..## ## #.Fl@....#
##... #.?#####^#
#.... #..## #.# ##...
##.# ..# #... #.# #.#
#... #.# #.# #... #.#
#.# #>.. ## ## #P#.
####


You could see a komodo dragon (extremely poisoned) and a blink frog.

Vanquished Creatures
  Harold (D:9)
  A centaur warrior (D:10)
  A two-headed ogre (D:10)
  Amaemon (D:11)
  A deep elf pyromancer (D:11)
  An orange demon (D:10)
  A gargoyle (D:11)
  Maggie (D:6)
  2 unseen horrors
  A kobold demonologist (D:7)
  A komodo dragon (Lair:1)
  A hornet (D:10)
  Grinder (D:5)
  2 blink frogs (Lair:1)
  Sigmund (D:5)
  A wyvern (D:7)
  14 yaks
  2 vampires (D:11)
  Eustachio (D:6)
  4 steam dragons
  4 vampire mosquitoes (D:11)
  3 wargs (D:10)
  Edmund (D:6)
  2 water moccasins
  Duvessa (D:5)
  A sky beast (D:6)
  2 orc warriors
  7 centaurs
  2 ogres
  2 phantoms
  2 kobold brigands
  Blork the orc (D:6)
  2 bullfrogs
  3 scorpions
  A necrophage (D:7)
  A gnoll sergeant (D:10)
  10 wights
  Dowan (D:5)
  A howler monkey (D:4)
  5 hounds
  2 jellies (D:6)
  2 gnoll boudas
  4 orc priests
  Ijyb (D:3)
  11 orc wizards
  An iguana (D:5)
  16 gnolls
  11 adders
  A shadow imp (D:8)
  2 white imps (D:7)
  A worm (D:2)
  25 orcs
  6 ball pythons
  5 endoplasms
  4 giant cockroaches
  13 goblins
  12 hobgoblins
  3 jackals (D:1)
  4 quokkas
  10 bats
  6 frilled lizards
  15 kobolds
  6 rats
252 creatures vanquished.

Vanquished Creatures (others)
  A fungus (Lair:1)
  A withered plant (D:11)
2 creatures vanquished.

Grand Total: 254 creatures vanquished

Notes
Turn   | Place    | Note
-------+----------+-------------------------------------------
     0 | D:1      | mopl the Vine Stalker Brigand began the quest for the Orb.
     0 | D:1      | Reached XP level 1. HP: 11/11 MP: 2/2
   223 | D:1      | Reached skill level 2 in Short Blades
   223 | D:1      | Reached skill level 2 in Throwing
   223 | D:1      | Reached skill level 5 in Stealth
   223 | D:1      | Reached XP level 2. HP: 15/15 MP: 3/3
   443 | D:1      | Reached XP level 3. HP: 18/18 MP: 4/4
   514 | D:1      | Reached skill level 1 in Shields
   754 | D:2      | Gained mutation: Your natural rate of healing is unusually
                  | fast. [Vine Stalker growth]
   754 | D:2      | Reached XP level 4. HP: 13/23 MP: 2/5
  1276 | D:3      | Reached XP level 5. HP: 26/26 MP: 6/6
  1324 | D:3      | Noticed Ijyb
  1336 | D:3      | Killed Ijyb
  1337 | D:3      | Reached skill level 2 in Shields
  1518 | D:3      | Found a white marble altar of Elyvilon.
  1892 | D:4      | Reached skill level 3 in Short Blades
  1919 | D:4      | Noticed a phantom
  1931 | D:4      | Killed a phantom
  1932 | D:4      | Reached skill level 3 in Throwing
  1932 | D:4      | Reached skill level 6 in Stealth
  1932 | D:4      | Reached XP level 6. HP: 30/30 MP: 7/7
  2000 | D:4      | Reached skill level 1 in Evocations
  2098 | D:4      | Found a staircase to the Ecumenical Temple.
  2113 | Temple   | Entered the Ecumenical Temple
  2143 | Temple   | Became a worshipper of Nemelex Xobeh the Trickster
  2260 | D:4      | Found a stormy altar of Qazlal.
  2362 | D:4      | Noticed a steam dragon
  2369 | D:4      | Killed a steam dragon
  2370 | D:4      | Reached skill level 1 in Invocations
  2370 | D:4      | Reached XP level 7. HP: 7/34 MP: 2/8
  2499 | D:5      | Entered Level 5 of the Dungeon
  2679 | D:5      | Reached skill level 3 in Shields
  2694 | D:5      | Reached skill level 2 in Evocations
  2844 | D:5      | Reached * piety under Nemelex Xobeh
  2992 | D:5      | Noticed Duvessa
  3002 | D:5      | Killed Duvessa
  3003 | D:5      | Reached skill level 7 in Stealth
  3004 | D:5      | Noticed Dowan
  3009 | D:5      | Killed Dowan
  3010 | D:5      | Reached skill level 4 in Short Blades
  3010 | D:5      | Reached skill level 4 in Throwing
  3010 | D:5      | Reached skill level 2 in Invocations
  3010 | D:5      | Gained mutation: You have razor-sharp teeth. [Vine Stalker
                  | growth]
  3010 | D:5      | Reached XP level 8. HP: 38/38 MP: 10/10
  3017 | D:5      | Received a gift from Nemelex Xobeh
  3099 | D:5      | Noticed Grinder
  3112 | D:5      | Killed Grinder
  3217 | D:5      | Noticed Sigmund
  3225 | D:5      | Killed Sigmund
  3686 | D:6      | Reached skill level 3 in Evocations
  3693 | D:6      | Reached skill level 3 in Invocations
  3707 | D:6      | Reached skill level 4 in Shields
  3742 | D:6      | Noticed Maggie
  3748 | D:6      | Killed Maggie
  3749 | D:6      | Reached skill level 8 in Stealth
  3749 | D:6      | Reached XP level 9. HP: 42/42 MP: 12/12
  3762 | D:6      | Noticed Edmund
  3790 | D:6      | Killed Edmund
  3847 | D:6      | Reached skill level 5 in Short Blades
  3853 | D:6      | Reached skill level 5 in Throwing
  3889 | D:6      | Found a broken altar of Ashenzari.
  3983 | D:6      | Reached skill level 4 in Invocations
  4025 | D:6      | Reached skill level 4 in Evocations
  4030 | D:6      | Noticed Eustachio
  4041 | D:6      | Killed Eustachio
  4070 | D:6      | Reached ** piety under Nemelex Xobeh
  4211 | D:6      | Noticed Blork the orc
  4218 | D:6      | Killed Blork the orc
  4256 | D:6      | Identified the +4 spear "Osimik" {holy, +Blink Str+6 Dex-4
                  | Stlth-}
  4363 | D:7      | You fall into a shaft and drop 3 floors!
  4363 | D:10     | Entered Level 10 of the Dungeon
  4410 | D:10     | Reached skill level 9 in Stealth
  4410 | D:10     | Reached skill level 5 in Shields
  4419 | D:10     | Reached XP level 10. HP: 20/46 MP: 4/14
  4571 | D:7      | Reached skill level 5 in Invocations
  4718 | D:7      | Noticed a kobold demonologist
  4727 | D:7      | Killed a kobold demonologist
  4866 | D:7      | Reached skill level 5 in Evocations
  4868 | D:7      | Reached skill level 6 in Short Blades
  4878 | D:7      | Found a snail-covered altar of Cheibriados.
  4880 | D:7      | Found a glowing silver altar of Zin.
  4881 | D:7      | Found a shimmering blue altar of Sif Muna.
  4881 | D:7      | Found an opulent altar of Gozag.
  4881 | D:7      | Found a hazy altar of Hepliaklqana.
  4883 | D:7      | Found a shimmering altar of Xom.
  4913 | D:7      | Reached *** piety under Nemelex Xobeh
  5088 | D:7      | Received a gift from Nemelex Xobeh
  5590 | D:8      | Reached skill level 6 in Throwing
  5636 | D:8      | Found a shadowy altar of Dithmenos.
  6140 | D:9      | Noticed Harold
  6168 | D:9      | Killed Harold
  6230 | D:9      | Found a runed translucent door.
  6247 | D:9      | Reached skill level 10 in Stealth
  6250 | D:9      | Found a radiant altar of Vehumet.
  6286 | D:9      | Received a gift from Nemelex Xobeh
  6356 | D:9      | Reached skill level 6 in Shields
  6593 | D:9      | Noticed soark's ghost (novice HOFi)
  6658 | D:10     | Reached skill level 6 in Invocations
  6658 | D:10     | Reached XP level 11. HP: 50/50 MP: 16/16
  6791 | D:10     | Identified the +8 trident "Imp's Curse" {holy, rPois rC++
                  | Will+ Int-4}
  6805 | D:10     | Found a staircase to the Orcish Mines.
  6860 | D:10     | Found a hide-covered altar of Uskayaw.
  6921 | D:10     | Noticed a centaur warrior
  6928 | D:10     | Killed a centaur warrior
  6929 | D:10     | Reached skill level 6 in Evocations
  6948 | D:10     | Noticed a two-headed ogre
  6982 | D:10     | Killed a two-headed ogre
  6983 | D:10     | Reached skill level 7 in Short Blades
  6983 | D:10     | Reached skill level 7 in Throwing
  7335 | D:11     | Found an ancient bone altar of Kikubaaqudgha.
  7380 | D:11     | Noticed Amaemon
  7405 | D:10     | Reached skill level 11 in Stealth
  7457 | D:11     | Found a staircase to the Lair.
  7643 | D:11     | Killed Amaemon
  7676 | D:11     | Noticed a deep elf pyromancer
  7697 | D:11     | Killed a deep elf pyromancer
  7698 | D:11     | Reached skill level 7 in Invocations
  7809 | D:11     | Reached skill level 7 in Shields
  7901 | D:11     | Reached **** piety under Nemelex Xobeh
  7980 | D:11     | Reached XP level 12. HP: 39/54 MP: 15/18
  8539 | Lair:1   | Entered Level 1 of the Lair of Beasts
  8655 | Lair:1   | Mangled by a komodo dragon

Illustrated notes

Levels and vault maps discovered:
D:1:      dpeg_arrival_arbitrary_b, layout_loops_ring,
          chequers_serial_rivers_micro_c, serial_bayou_crossing
D:2:      cheibrodos_greedy_goblins, layout_rooms
D:3:      layout_loops_cross, mainiacjoe_overflow_cross_hatched, uniq_ijyb
D:4:      layout_loops_ring, grunt_qazlal_clouds, minmay_temple_entry_junction
D:5:      layout_layer_cave, uniq_sigmund, uniq_grinder, uniq_duvessa
D:6:      layout_cave_pools, amcnicky_altar_gilded, grunt_ministairs_7,
          uniq_blork_the_orc, uniq_eustachio, uniq_edmund, uniq_maggie
D:7:      layout_loops_corners, grunt_temple_overflow_open
D:8:      layout_basic, kennysheep_mini_moat
D:9:      layout_rooms, mainiacjoe_overflow_chevrons,
          ebering_ghost_reflecting_pool, uniq_harold
D:10:     layout_roguey, mainiacjoe_overflow_alcove_1,
          minmay_orc_entry_temple_small
D:11:     layout_rooms, erik_lair_orcish_takeover, serial_rivers,
          chequers_serial_rivers_small_3, chequers_serial_rivers_large_a,
          chequers_serial_rivers_room_a, chequers_serial_rivers_room_b,
          chequers_serial_rivers_micro_b, kiku_gazebo_garden_becter,
          uniq_amaemon
Temple:   eino_wide_crystal_templ
Lair:1:   layout_small_grid

Skill      XL: |  1  2  3  4  5  6  7  8  9 10 11 |
---------------+----------------------------------+-----
Short Blades   | 2 3 4 5 6 7 |  7.6
Throwing       | 2 3 4 5 6 7 |  7.6
Stealth        | 5 6 7 8 9 10 11 | 11.5
Shields        | 1 2 3 4 5 6 7 |  7.2
Evocations     | 1 2 3 4 5 6 |  6.8
Invocations    | 1 2 3 4 6 7 |  7.3
Fighting       | |  1.7
Dodging        | |  0.7

Action                     |  1- 3 |  4- 6 |  7- 9 | 10-12 || total
---------------------------+-------+-------+-------+-------++-------
  Melee: Dagger            |    59 |   133 |   136 |   450 ||   778
         Bite              |     4 |    30 |    57 |   186 ||   277
  Throw: Dart              |       |     3 |    13 |    15 ||    31
         Throwing net      |       |     1 |       |       ||     1
 Invoke: Draw Destruction  |       |       |     3 |       ||     3
  Evoke: Wand              |       |     1 |     3 |       ||     4
    Use: Scroll            |       |       |       |    16 ||    16
   Stab: Sleeping          |    11 |    14 |    12 |     9 ||    46
         Distracted        |       |     1 |       |     1 ||     2
 Armour: Robe              |     4 |    22 |     1 |       ||    27
         Steam dragon scal |       |       |    25 |   123 ||   148
  Dodge: Dodged            |    14 |    28 |    33 |   206 ||   281
  Block: Kite shield       |    18 |    47 |    44 |   234 ||   343

Table legend: (Time is in decaauts)
 A = Elapsed time spent in this place.
 B = Non-inter-level travel time spent in this place.
 C = Inter-level travel time spent in this place.
 D = Time resting spent in this place.
 E = Time spent auto-exploring this place.
 F = Levels seen in this place.
 G = Mean time per level.
                   A        B        C        D        E       F      G
               +--------+--------+--------+--------+--------+-----+--------+
         Total |   8593 |   8200 |    393 |     79 |   5858 |  13 |  661.0 |
       Dungeon |   8434 |   8060 |    374 |     79 |   5793 |  11 |  766.7 |
        Temple |     48 |     30 |     18 |      0 |     17 |   1 |   48.0 |
          Lair |    110 |    110 |      0 |      0 |     48 |   1 |  110.0 |
               +--------+--------+--------+--------+--------+-----+--------+

Top non-repeatable levels by time:
     D:5: 1184 daAuts
    D:11: 1094 daAuts
    D:10: 875 daAuts
     D:7: 823 daAuts
     D:1: 752 daAuts
     D:8: 715 daAuts
     D:3: 673 daAuts
     D:6: 668 daAuts
     D:9: 603 daAuts
     D:4: 566 daAuts
     D:2: 475 daAuts
  Lair:1: 110 daAuts
  Temple: 48 daAuts
